 Dungeon Crawl Stone Soup version 0.29-a0-241-g20d21d4356 (webtiles) character file.

Game seed: 18180373044374240037

16 Ordine the Slasher (level 2, -5/17 HPs)
             Began as a Tengu Warper on Mar 4, 2022.
             Slain by an orc
             ... wielding a +0 flail
              (9 damage)
             ... on level 2 of the Dungeon.
             The game lasted 00:02:47 (1266 turns).

Ordine the Slasher (Tengu Warper)                   Turns: 1266, Time: 00:02:48

Health: -5/17      AC:  3    Str: 11    XL:     2   Next: 54%
Magic:  6/6        EV: 11    Int: 13    God:
Gold:   52         SH:  0    Dex: 13    Spells: 5/5 levels left

rFire   + . .      SeeInvis .   a - +0 falchion
rCold   . . .      Faith    .   (no shield)
rNeg    . . .      Spirit   .   b - +0 leather armour
rPois   .          Reflect  .   (helmet restricted)
rElec   .          Harm     .   (no cloak)
rCorr   .          Rampage  .   (no gloves)
Will    .....                   (boots unavailable)
Stlth   +.........              (no amulet)
HPRegen 0.05/turn               f - ring of protection from fire
MPRegen 0.10/turn               (no ring)

@: no status effects
A: beak, talons 3
a: no special abilities


You were on level 2 of the Dungeon.
You visited 1 branch of the dungeon, and saw 2 of its levels.

You collected 52 gold pieces.

Inventory:

Hand Weapons
 a - a +0 falchion (weapon)
Missiles
 d - 5 boomerangs of dispersal
Armour
 b - a +0 leather armour (worn)
Jewellery
 e - a ring of ice
 f - a ring of protection from fire (left hand)
Scrolls
 c - a scroll of blinking
 g - a scroll of vulnerability {unknown}
 h - a scroll of immolation {unknown}
 i - 2 scrolls of identify {unknown}
 j - 2 scrolls of amnesia {unknown}


   Skills:
 + Level 2.2 Fighting
 * Level 2.9 Long Blades
 + Level 1.4 Throwing
 - Level 1.1 Armour
 - Level 2.1 Dodging
 - Level 2.0 Spellcasting
 - Level 2.4 Translocations


You had 5 spell levels left.
You didn't know any spells.
Your spell library contained the following spells:

 Spells                   Type           Power      Damage    Failure   Level
 Blink                    Tloc           14%        N/A       19%         2
 Gell's Gravitas          Tloc           7%         N/A       36%         3
 Lesser Beckoning         Tloc           7%         N/A       36%         3
 Teleport Other           Tloc           7%         N/A       36%         3
 Manifold Assault         Tloc           7%         N/A       98%         5


Dungeon Overview and Level Annotations

Branches:
Dungeon (2/15)

Altars:
Cheibriados


Innate Abilities, Weirdness & Mutations

You have a beak for a mouth.
You have claws for feet.


Message History

You kill the giant cockroach!
The frilled lizard hisses angrily.
You see here a scroll labelled HETHOEGHIE.
You closely miss the frilled lizard.
The frilled lizard bites you but does no damage.
You hit the frilled lizard but do no damage.
The frilled lizard closely misses you.
You miss the frilled lizard. Your kick misses the frilled lizard.
The frilled lizard closely misses you.
You hit the frilled lizard.
You kill the frilled lizard!
No target in view!
No target in view!
i - 2 scrolls labelled HETHOEGHIE (gained 1)
There is a stone staircase leading up here.
Found a snail-covered altar of Cheibriados.
An orc comes into view. It is wielding a +0 flail.
The orc shouts!
You hear a shout!
An orc and an adder come into view.
The orc shouts!
An orc comes into view. It is wielding a +0 hand axe.
Found a runed cloak and 7 gold pieces.
The orc shouts!
There is a snail-covered altar of Cheibriados here.
The orc barely misses you.
You hit the orc but do no damage. You peck the orc, but do no damage.
You hit the orc.
The orc is almost dead.
The orc hits you with a +0 mace. The orc closely misses you.
Found 18 stones.
You hit the orc but do no damage. You peck the orc, but do no damage.
The orc hits you with a +0 flail!
Ouch! That really hurt!
* * * LOW HITPOINT WARNING * * *
You aren't carrying any potions.
You hit the orc but do no damage. You claw the orc, but do no damage.
The orc hits you with a +0 flail!
Ouch! That really hurt!
You die...

######..........
#...##.......#
#...##.......#
#...........o###
#..............#
#............#o#
#............#o#
#...<#.......#o#
#...##.......#@#
#...##.......#.#
#............#(#
######.......#..
###########


You could see 3 orcs.

Vanquished Creatures
  A dart slug (D:1)
  3 endoplasms (D:1)
  3 giant cockroaches
  A hobgoblin (D:1)
  3 frilled lizards
  A kobold (D:1)
  A rat (D:1)
13 creatures vanquished.

Notes
Turn   | Place    | Note
-------+----------+-------------------------------------------
     0 | D:1      | Ordine the Tengu Warper began the quest for the Orb.
     0 | D:1      | Reached XP level 1. HP: 12/12 MP: 4/4
    56 | D:1      | Found a faded altar of an unknown god.
   536 | D:1      | Reached XP level 2. HP: 10/17 MP: 6/6
  1230 | D:2      | Found a snail-covered altar of Cheibriados.
  1266 | D:2      | Slain by an orc

Illustrated notes

Levels and vault maps discovered:
D:1:      dpeg_arrival_lava_temple_mockup, layout_basic,
          ebering_ecumenical_altar_abandoned
D:2:      layout_basic, basic_altar

Action                   || total
-------------------------++-------
Melee: Falchion          ||    30
       Kick              ||     8
       Peck              ||     3
 Stab: Sleeping          ||     1
Armor: Leather armour    ||     7
Dodge: Dodged            ||    10

Table legend: (Time is in decaauts)
 A = Elapsed time spent in this place.
 B = Non-inter-level travel time spent in this place.
 C = Inter-level travel time spent in this place.
 D = Time resting spent in this place.
 E = Time spent auto-exploring this place.
 F = Levels seen in this place.
 G = Mean time per level.
                   A        B        C        D        E       F      G
               +--------+--------+--------+--------+--------+-----+--------+
         Total |   1270 |   1245 |     25 |      0 |   1121 |   2 |  635.0 |
       Dungeon |   1270 |   1245 |     25 |      0 |   1121 |   2 |  635.0 |
               +--------+--------+--------+--------+--------+-----+--------+

Top non-repeatable levels by time:
     D:1: 1207 daAuts
     D:2: 62 daAuts
